 Dungeon Crawl Stone Soup version 0.31-a0-1499-ge0622b2318 (webtiles) character file.

Game seed: 6542441564723255094

77239 jasper the Severer (level 15, 0/115 HPs)
             Began as a Demonspawn Reaver on Dec 29, 2023.
             Was the Champion of Cheibriados.
             Slain by a dire elephant (22 damage)
             ... on level 5 of the Lair of Beasts.
             The game lasted 00:37:37 (20068 turns).

jasper the Severer (Demonspawn Reaver)             Turns: 20068, Time: 00:37:38

Health: 0/115      AC: 16    Str: 27    XL:     15   Next: 14%
Magic:  7/24       EV: 17    Int: 37    God:    Cheibriados [******]
Gold:   653        SH:  9    Dex: 28    Spells: 2/18 levels left

rFire   . . .        o - +2 broad axe (flame)
rCold   . . .        f - +2 buckler
rNeg    . . .        P - +0 acid dragon scales
rPois   +            K - +0 helmet {SInv}
rElec   +            A - +1 cloak
rCorr   +            (no gloves)
SInv    +            r - +1 pair of boots
Will    +....        (no amulet)
Stlth   ++           W - ring of poison resistance
HPRegen 6.39/turn    H - ring "Yptofoufa" {rElec EV+5 Dex+2}
MPRegen 0.19/turn

%: no passive effects
@: fugue, very slow
A: demonic guardian 2, powered by death 3, sharp scales 1, demonic touch 2
a: Renounce Religion, Bend Time, Temporal Distortion, Slouch, Step From Time


You were on level 5 of the Lair of Beasts.
You worshipped Cheibriados.
Cheibriados was exalted by your worship.
You visited 3 branches of the dungeon, and saw 19 of its levels.
You also visited: Volcano.

You collected 2193 gold pieces.
You spent 1540 gold pieces at shops.

Inventory:

Hand Weapons
 a - a +1 hand axe of electrocution
 e - a +0 broad axe
 o - a +2 broad axe of flaming (weapon)
 p - a +0 vampiric war axe
 E - the +8 morningstar of Elees {elec, rF+ rC+ rN+}
   (You found it on level 5 of the Dungeon)

   rF+:       It protects you from fire.
   rC+:       It protects you from cold.
   rN+:       It protects you from negative energy.
Missiles
 c - 132 stones
 u - 8 javelins
 y - 29 boomerangs (quivered)
 Q - 5 throwing nets
Armour
 b - a +0 leather armour
 f - a +2 buckler (worn)
 j - a +0 pair of boots
 r - a +1 pair of boots (worn)
 v - a +0 scale mail
 A - a +1 cloak (worn)
 J - the +0 scale mail of Makhleb's Esteem {rCorr}
   (You found it on level 7 of the Dungeon)

   rCorr:     It protects you from acid and corrosion.
 K - a +0 helmet of see invisible (worn)
 L - a +0 kite shield
 P - +0 acid dragon scales (worn)
Jewellery
 h - a ring of fire
 l - a ring of willpower
 H - the ring "Yptofoufa" (right hand) {rElec EV+5 Dex+2}
   (You found it on level 6 of the Dungeon)

   [ring of evasion]

   EV+5:      It affects your evasion (+5).
   Dex+2:     It affects your dexterity (+2).
   rElec:     It insulates you from electricity.
 M - a +5 ring of evasion
 S - a +5 ring of evasion
 W - a ring of poison resistance (left hand)
Wands
 n - a wand of polymorph (11)
 D - a wand of paralysis (18)
 I - a wand of flame (25)
 T - a wand of mindburst (6)
 V - a wand of digging (6)
Scrolls
 i - 4 scrolls of amnesia
 k - 3 scrolls of torment
 B - a scroll of summoning
 G - 8 scrolls of teleportation
 R - a scroll of fear
 U - 3 scrolls of enchant armour
 X - a scroll of vulnerability
 Y - 2 scrolls of blinking
 Z - 3 scrolls of immolation
Potions
 d - 11 potions of curing
 g - 2 potions of heal wounds
 m - 3 potions of magic
 q - a potion of resistance
 s - 6 potions of lignification
 t - 3 potions of enlightenment
 w - 4 potions of mutation
 x - 2 potions of berserk rage
 z - 3 potions of ambrosia
 C - a potion of cancellation {unknown}
 F - 4 potions of attraction {unknown}
 N - 3 potions of might
 O - 2 potions of brilliance {unknown}


   Skills:
 - Level 10.0 Fighting
 + Level 15.5 Axes
 - Level 10.0 Armour
 - Level 1.7 Dodging
 - Level 4.4 Shields
 - Level 2.0 Spellcasting
 - Level 3.0 Conjurations
 - Level 7.0 Hexes
 - Level 3.0 Necromancy
 - Level 7.0 Translocations
 - Level 7.0 Alchemy
 - Level 12.0 Invocations


You had 2 spell levels left.
You knew the following spells:

 Your Spells              Type           Power      Damage    Failure   Level
a - Manifold Assault      Tloc           53%        N/A       3%          4
b - Passage of Golubria   Tloc           53%        N/A       3%          4
c - Fugue of the Fallen   Necr           25%        N/A       6%          3
d - Yara's Violent Unrav  Hex/Alch       26%        3d11      11%         5

Your spell library contained the following spells:

 Spells                   Type           Power      Damage    Failure   Level
 Kiss of Death            Conj/Necr      100%       2d13      1%          1
 Momentum Strike          Conj/Tloc      80%        3d10      1%          2
 Ensorcelled Hibernation  Hex/Ice        58%        N/A       2%          2
 Sublimation of Blood     Necr           25%        N/A       3%          2
 Call Imp                 Summ           6%         N/A       10%         2
 Tukima's Dance           Hex            53%        N/A       1%          3
 Olgreb's Toxic Radiance  Alch           53%        N/A       3%          4
 Inner Flame              Hex/Fire       29%        N/A       4%          3
 Anguish                  Hex/Necr       20%        N/A       9%          4
 Hailstorm                Conj/Ice       14%        3d6       11%         3
 Leda's Liquefaction      Alch/Erth      14%        N/A       16%         4
 Petrify                  Alch/Erth      29%        N/A       16%         4
 Sticky Flame             Fire/Alch      29%        2d7       16%         4
 Animate Dead             Necr           25%        N/A       19%         4
 Ozocubu's Armour         Ice            3%         N/A       21%         3
 Passwall                 Erth           3%         N/A       21%         3
 Swiftness                Air            3%         N/A       21%         3
 Irradiate                Conj/Alch      20%        3d18      24%         5
 Flame Wave               Conj/Fire      14%        2d6       34%         4
 Iskenderun's Battlesphe  Conj           25%        2d8       47%         5
 Lee's Rapid Deconstruct  Erth           1%         3d4*      88%         5
 Bombard                  Conj/Erth      7%         9d2       99%         6
 Spellforged Servitor     Conj/Summ      7%         N/A       100%        7
 Summon Hydra             Summ           1%         N/A       100%        7
 Infestation              Necr           12%        N/A       100%        8


Dungeon Overview and Level Annotations

Branches:
Dungeon (12/15)            Temple (0/1) D:4            Lair (5/5) D:8
 Shoals (0/4) Lair:2       Spider (0/4) Lair:2        Slime (0/5) Lair:4
    Orc (2/2) D:12            Elf (0/3) Orc:2       Volcano (visited)

Altars:
Cheibriados
Fedhas
Gozag
Hepliaklqana
Qazlal
Trog
Wu Jian
Jiyva

Shops:
D:3 !   D:4 (   D:5 [   Orc:2 :(*[

Portals:
Trove: D:12 (give 2 scrolls of acquirement)

Annotations:
D:11 exclusion: boulder beetle
Lair:3 exclusion: oklob plant
Lair:5 3 runed translucent doors, exclusion: obsidian statue, DApurpleWHUMPUS's ghost, journeyman DrSh


Innate Abilities, Weirdness & Mutations

A demonic guardian rushes to your aid.
You regenerate a lot of health from kills.
You are partially covered in razor-sharp scales. (AC +1, Slay +1)
Your touch may inflict irresistible damage on your foes.


Message History

You slash the necromancer! You burn the necromancer.
The dire elephant closely misses you. The dire elephant misses you.
The dire elephant tramples you!!
A demonic guardian appears!
You hold your ground!
The dire elephant trunk-slaps you but does no damage.
The necromancer gestures at you while chanting.
Your body is wracked with pain!
* * * LOW HITPOINT WARNING * * *
You take 37 damage, and have 25/115 hp.
MASSIVE DAMAGE!!
You closely miss the necromancer.
The necromancer is almost dead.
You hit the dire elephant but do no damage. x2
The dire elephant closely misses you. The dire elephant trunk-slaps you.
* * * LOW HITPOINT WARNING * * *
The dire elephant tramples you!
* * * LOW HITPOINT WARNING * * *
You hold your ground!
The dire elephant trunk-slaps you but does no damage.
The necromancer barely misses you.
You take 10 damage, and have 15/115 hp.
Casting: Fugue of the Fallen (mildly dangerous; 6% risk of failure)
Confirm with . or Enter, or press ? or * to list all spells.
Space momentarily warps into an impossible shape!
You slash the dire elephant! You burn the dire elephant.
You hit the dire elephant but do no damage.
You slash the necromancer! You burn the necromancer.
You kill the necromancer!
Cheibriados appreciates the change of pace.
The dire elephant completely misses you.
You block the dire elephant's attack. The dire elephant misses you.
The dire elephant trunk-slaps you!
* * * LOW HITPOINT WARNING * * *
You take 4 damage, and have 11/115 hp.
You now have 7/24 mp.
Unknown command.
Unknown command.
You feel much better. The dire elephant tramples you!
* * * LOW HITPOINT WARNING * * *
You hold your ground!
The dire elephant closely misses you. The dire elephant tramples you!!
You die...

####### ♣♣##..##.# ♣♣P.P.....###
♣...........## #....#..#..#...#
#P..♣ ####''#''#### ## # ##♣8
#8..#...Y8##.~~##8...8## .#
#...#.3@Y.'..~≈~'...)}#8 .#
#.#.####$8#.~≈≈≈'...?$#) .#
#+#P...#### ≈≈≈≈#8Yp.8#. .#
####....# ~~.#######8 .# ####.###
.###8.8### .##
♣♣###P..#####8.⌠.8## ..##
##♣P...###.............
...♣#♣###♣♣.......♣########'''###
.................................


You could see 2 dire elephants and a friendly sixfirhy (summoned).

Vanquished Creatures
  An orc warlord (Orc:2)
  A dire elephant (Lair:5)
  Josephine (Orc:1)
  3 hydras
  Harold (Lair:2)
  3 catoblepae
  A two-headed ogre (D:12)
  2 death yaks (Lair:5)
  A boulder beetle (D:12)
  3 orc high priests (Orc:2)
  A hell knight (Volcano)
  A skyshark (Lair:3)
  A spectral death yak (Lair:5)
  Amaemon (Lair:3)
  A spectral anaconda (Lair:5)
  Pikel (D:5)
  3 harpies (Lair:2)
  4 necromancers (Lair:5)
  An ugly thing (D:12)
  4 orc knights (Orc:2)
  2 orc sorcerers (Orc:2)
  5 salamanders (Volcano)
  3 wolf spiders (Lair:5)
  A cyclops (D:11)
  A dire elephant zombie (Lair:5)
  25 elephants
  7 black mambas
  A torpor snail (Lair:1)
  An orange demon (Lair:3)
  12 cane toads
  7 rime drakes
  7 komodo dragons
  2 polar bears
  7 trolls
  8 blink frogs (Lair:1)
  A hornet (D:9)
  2 spectral elephants (Lair:5)
  2 slime creatures (D:12)
  2 jumping spiders (Lair:2)
  A shadow (D:11)
  49 yaks
  A vampire (D:9)
  12 wyverns (Lair:3)
  6 wraiths
  6 fire bats (Volcano)
  4 wargs (Orc:2)
  5 basilisks
  A steam dragon (Lair:3)
  3 redbacks (Lair:2)
  4 swamp worms (Lair:3)
  3 acid dragons
  10 water moccasins
  A swamp drake (D:12)
  3 ice beasts
  3 sky beasts
  An elephant zombie (Lair:5)
  A black bear (D:5)
  5 ogres
  22 orc warriors
  24 wolves
  2 phantoms
  4 lemures (D:5)
  A centaur (D:8)
  An elephant skeleton (Lair:5)
  3 kobold brigands (D:8)
  14 bullfrogs
  7 gnoll sergeants
  3 scorpions
  A cane toad simulacrum (Lair:5)
  5 wights (D:8)
  17 killer bees
  2 howler monkeys (D:9)
  3 electric eels (Lair:2)
  A bombardier beetle (D:4)
  5 lava snakes (Volcano)
  4 jellies
  9 orc priests
  Crazy Yiuf (D:2)
  4 hounds
  2 gnoll boudas (D:8)
  11 hell rats (Lair:3)
  4 iguanas
  15 orc wizards
  Robin (D:3)
  7 adders
  26 gnolls
  5 ribbon worms
  A white imp (D:7)
  4 ufetubi
  55 orcs
  7 endoplasms
  A giant cockroach (D:2)
  15 goblins
  11 hobgoblins
  5 jackals (D:8)
  2 quokkas
  6 ball pythons
  2 bats
  A frilled lizard (D:3)
  20 kobolds
  4 rats
588 creatures vanquished.

Vanquished Creatures (collateral kills)
  2 catoblepae
  A boulder beetle (Lair:5)
  A spectral dire elephant (Lair:5)
  A salamander mystic (Volcano)
  An orc knight (Orc:2)
  An elephant (Lair:5)
  A cane toad (Lair:4)
  A molten gargoyle (Volcano)
  A troll (Orc:1)
  A wyvern (Lair:3)
  A basilisk (D:12)
  5 yaks
  3 water moccasins
  An orc warrior (Orc:1)
  2 wolves (Lair:1)
  2 killer bees (D:8)
  An orc priest (D:9)
  A hell rat (Lair:3)
  2 gnolls (D:8)
  2 orcs
31 creatures vanquished.

Vanquished Creatures (others)
  4 orcs (D:12)
4 creatures vanquished.

Grand Total: 623 creatures vanquished

Notes
Turn   | Place    | Note
-------+----------+-------------------------------------------
     0 | D:1      | jasper the Demonspawn Reaver began the quest for the Orb.
     0 | D:1      | Reached XP level 1. HP: 16/16 MP: 3/3
   178 | D:1      | Reached skill level 3 in Axes
   394 | D:1      | Gained mutation: Your touch may inflict minor irresistible
                  | damage on your foes. [demonic ancestry]
   394 | D:1      | Reached XP level 2. HP: 15/22 MP: 5/5
   769 | D:2      | Found a snail-covered altar of Cheibriados.
   777 | D:2      | Became a worshipper of Cheibriados the Contemplative
   816 | D:2      | Found a faded altar of an unknown god.
  1202 | D:2      | Found a runed translucent door.
  1203 | D:2      | Noticed Crazy Yiuf
  1266 | D:2      | Reached XP level 3. HP: 27/27 MP: 6/6
  1410 | D:2      | Reached skill level 4 in Axes
  1595 | D:3      | Gained mutation: A weak demonic guardian rushes to your
                  | aid. [demonic ancestry]
  1595 | D:3      | Reached XP level 4. HP: 29/33 MP: 7/7
  1785 | D:3      | Reached skill level 5 in Axes
  1799 | D:3      | Reached * piety under Cheibriados
  1974 | D:3      | Noticed Robin
  1991 | D:3      | Killed Robin
  1992 | D:3      | Gained mutation: You regenerate a little health from kills.
                  | [demonic ancestry]
  1992 | D:3      | Reached XP level 5. HP: 19/34 MP: 8/8
  2018 | D:3      | Reached ** piety under Cheibriados
  2273 | D:3      | Found Lergh's Distillery.
  2280 | D:3      | Bought a potion of curing for 30 gold pieces
  2280 | D:3      | Bought 2 potions of heal wounds for 100 gold pieces
  2280 | D:3      | Bought a potion of curing for 30 gold pieces
  2280 | D:3      | Bought a potion of lignification for 30 gold pieces
  2295 | D:4      | Noticed a phantom
  2306 | D:3      | Killed a phantom
  2307 | D:3      | Reached skill level 6 in Axes
  2365 | D:4      | Reached XP level 6. HP: 33/44 MP: 9/9
  2367 | D:4      | Found a staircase to the Ecumenical Temple.
  2389 | D:4      | Learned a level 4 spell: Passage of Golubria
  2518 | D:4      | Learned a level 3 spell: Fugue of the Fallen
  2767 | D:4      | Noticed an air elemental
  2771 | D:4      | Found a stormy altar of Qazlal.
  2774 | D:4      | Noticed a water elemental
  2775 | D:4      | Noticed a fire elemental
  2925 | D:4      | Reached skill level 7 in Axes
  3162 | D:4      | Found Peant's Antique Weapon Boutique.
  3405 | D:5      | Entered Level 5 of the Dungeon
  3627 | D:1      | Gained mutation: You are partially covered in razor-sharp
                  | scales. (AC +1, Slay +1) [demonic ancestry]
  3627 | D:1      | Reached XP level 7. HP: 51/51 MP: 10/10
  3885 | D:2      | Killed Crazy Yiuf
  3886 | D:2      | Reached skill level 1 in Armour
  4025 | D:5      | Reached *** piety under Cheibriados
  4090 | D:5      | Identified the +1 spear "Arbiter" {flame, rElec Will+ MP+9
                  | Str+5}
  4200 | D:5      | Noticed Pikel
  4236 | D:5      | Killed Pikel
  4237 | D:5      | Reached skill level 8 in Axes
  4237 | D:5      | Gained mutation: A demonic guardian rushes to your aid.
                  | [demonic ancestry]
  4237 | D:5      | Reached XP level 8. HP: 16/61 MP: 11/11
  4611 | D:5      | Identified the +8 morningstar of Elees {elec, rF+ rC+ rN+}
  4733 | D:5      | Found Vegiditz's Armour Boutique.
  5106 | D:6      | Reached skill level 5 in Fighting
  5133 | D:6      | Found a bloodstained altar of Trog.
  5133 | D:6      | Found an opulent altar of Gozag.
  5364 | D:6      | Identified the ring "Yptofoufa" {rElec EV+5 Dex+2}
  5685 | D:7      | Reached XP level 9. HP: 53/69 MP: 12/12
  5690 | D:7      | Reached **** piety under Cheibriados
  5928 | D:7      | Identified the +0 scale mail of Makhleb's Esteem {rCorr}
  6050 | D:7      | Reached skill level 5 in Armour
  6213 | D:7      | Reached skill level 1 in Shields
  6278 | D:7      | Reached skill level 9 in Axes
  6646 | D:8      | Reached ***** piety under Cheibriados
  6821 | D:8      | Found a staircase to the Lair.
  6853 | D:8      | Learned a level 4 spell: Manifold Assault
  6892 | D:8      | Reached XP level 10. HP: 79/79 MP: 13/13
  7064 | D:8      | Found an ornate altar of the Wu Jian Council.
  7067 | D:8      | Found a blossoming altar of Fedhas.
  7070 | D:8      | Found a hazy altar of Hepliaklqana.
  7123 | D:8      | You fall into a shaft and drop 2 floors!
  7123 | D:10     | Entered Level 10 of the Dungeon
  7457 | D:9      | Reached skill level 10 in Axes
  7546 | D:9      | Reached ****** piety under Cheibriados
  8233 | D:10     | Gained mutation: You regenerate health from kills. [demonic
                  | ancestry]
  8233 | D:10     | Reached XP level 11. HP: 83/89 MP: 14/14
  9320 | D:11     | Noticed a boulder beetle
  9621 | Lair:1   | Entered Level 1 of the Lair of Beasts
  9649 | Lair:1   | Reached skill level 10 in Fighting
  9835 | Lair:1   | Reached skill level 10 in Armour
  9835 | Lair:1   | Reached skill level 1 in Invocations
  9846 | Lair:1   | Noticed a catoblepas
  9853 | Lair:1   | Killed a catoblepas
  9854 | Lair:1   | Noticed a catoblepas
  9879 | Lair:1   | Reached skill level 5 in Invocations
  9956 | Lair:1   | Killed a catoblepas
  9957 | Lair:1   | Reached XP level 12. HP: 39/97 MP: 18/18
 10350 | Lair:1   | Reached skill level 10 in Invocations
 10803 | Lair:1   | Reached skill level 1 in Necromancy
 10806 | Lair:1   | Reached skill level 1 in Translocations
 10989 | Lair:2   | Found a hole to the Spider Nest.
 11025 | Lair:2   | Noticed Harold
 11033 | Lair:2   | Killed Harold
 11044 | Lair:2   | Reached skill level 5 in Translocations
 11200 | Lair:2   | Found a staircase to the Shoals.
 11442 | Lair:2   | Reached XP level 13. HP: 73/103 MP: 22/22
 12293 | Lair:3   | Reached skill level 11 in Axes
 12321 | Lair:3   | Learned a level 5 spell: Yara's Violent Unravelling
 12373 | Lair:3   | Reached skill level 1 in Hexes
 12373 | Lair:3   | Reached skill level 1 in Alchemy
 12637 | Lair:3   | Noticed Amaemon
 12655 | Lair:3   | Reached skill level 5 in Hexes
 12655 | Lair:3   | Reached skill level 5 in Alchemy
 12658 | Lair:3   | Killed Amaemon
 13255 | Lair:4   | Found a viscous altar of Jiyva.
 13255 | Lair:4   | Found a staircase to the Slime Pits.
 14421 | D:12     | Gained mutation: Your touch may inflict irresistible damage
                  | on your foes. [demonic ancestry]
 14421 | D:12     | Reached XP level 14. HP: 96/110 MP: 23/23
 14490 | D:12     | Found a portal to a secret trove of treasure.
 14906 | D:12     | Found a staircase to the Orcish Mines.
 15313 | Orc:1    | Entered Level 1 of the Orcish Mines
 15408 | Orc:1    | Noticed Josephine
 15426 | Orc:1    | Killed Josephine
 15683 | Orc:2    | Entered Level 2 of the Orcish Mines
 15876 | Orc:2    | Noticed an orc warlord
 15885 | Orc:2    | Reached skill level 12 in Axes
 15905 | Orc:2    | Killed an orc warlord
 16065 | Orc:2    | Found Oghowab's General Store.
 16074 | Orc:2    | Bought a scroll of immolation for 68 gold pieces
 16445 | Orc:2    | Found Baroxij's Antique Weapon Emporium.
 16477 | Orc:2    | Found a staircase to the Elven Halls.
 16512 | Orc:2    | Found Ifyisaub's Antique Armour Shoppe.
 16548 | Orc:2    | Bought a pair of runed boots for 142 gold pieces
 16639 | Orc:2    | Reached skill level 13 in Axes
 16650 | Orc:2    | Found Tianimest's Book Shoppe.
 16661 | Orc:2    | Bought a book of Blood for 420 gold pieces
 16661 | Orc:2    | Bought the Anthology of Ghoulish Argyropoeia for 720 gold
                  | pieces
 17760 | Lair:5   | Entered Level 5 of the Lair of Beasts
 18158 | Lair:5   | Found a dark tunnel.
 18170 | Volcano  | Entered a volcano
 18262 | Volcano  | Reached skill level 14 in Axes
 18577 | Volcano  | Found a bloodstained altar of Trog.
 19089 | Lair:5   | Found a runed translucent gate.
 19089 | Lair:5   | Found a runed translucent gate.
 19089 | Lair:5   | Found a runed translucent gate.
 19090 | Lair:5   | Noticed DApurpleWHUMPUS's ghost (journeyman DrSh)
 19484 | Lair:5   | Reached skill level 15 in Axes
 19498 | Lair:5   | Gained mutation: You regenerate a lot of health from kills.
                  | [demonic ancestry]
 19498 | Lair:5   | Reached XP level 15. HP: 52/115 MP: 24/24
 20068 | Lair:5   | Slain by a dire elephant

Illustrated notes

Levels and vault maps discovered:
D:1:      lordsloth_arrival_two_stooges, layout_basic
D:2:      layout_basic, basic_altar, ebering_ecumenical_altar_mist,
          uniq_crazy_yiuf_cottage
D:3:      layout_basic, serial_shops, shop, dreamdust_wishing_well, uniq_robin
D:4:      layout_loops_corners, nicolae_qazlal_style_of_elements,
          minmay_temple_entry_stoned_glass, serial_shops,
          nicolae_shop_tiny_glass
D:5:      layout_gridville, minmay_misc_feat_more_columns, hex_medium,
          nicolae_inconvenience_store, nrook_mini_backslash, uniq_pikel
D:6:      layout_cave_pools, chequers_temple_overflow_statue_of_worship
D:7:      minmay_skewed_foursquare, layout_basic, moated_statue
D:8:      layout_cave_pools, grunt_temple_overflow_cloverleaf,
          dpeg_oklobed_lair, serial_gnoll_camp, gnoll_camp_mini_house,
          gnoll_camp_mini_house, gnoll_camp_huts_basic, gnoll_camp_medium_02,
          nicolae_shop_i_like_big_books
D:9:      layout_roguey, serial_aquarium, aquarium_bridge_square
          [aquarium_subvault_window, aquarium_subvault_bridge,
          aquarium_subvault_balcony, aquarium_subvault_wall],
          aquarium_bridge_long_separate [aquarium_subvault_bridge,
          aquarium_subvault_bridge, aquarium_subvault_wall,
          aquarium_subvault_window, aquarium_subvault_bridge,
          aquarium_subvault_wall], aquarium_window_3, aquarium_window_fake,
          aquarium_window_1, aquarium_window_1, aquarium_view_2a,
          aquarium_balcony_3b
D:10:     layout_gridville, minivault_24
D:11:     layout_loops_ring
D:12:     layout_long_grid, erik_orc_1, nicolae_trove_entry_crystal,
          roderic_lattice_a
Lair:1:   layout_chaotic_city, nzn_random_ring, infiniplex_staircase_pool_2,
          grunt_megastairs_1
Lair:2:   layout_regular_city, nicolae_shoals_entry_roost,
          nicolae_spider_entry_tight_spaces, pdpol_lair_neglected_garden,
          serial_bayou_shore_a, serial_bayou_shore_b, grunt_megastairs_4,
          uniq_harold
Lair:3:   layout_roguey [special_room_mythical_zoo], minmay_lair_oklob_items,
          worms_lemuel, grunt_megastairs_5, uniq_amaemon
Lair:4:   layout_long_grid, dpeg_slime_entry_enclosed
Lair:5:   due_jungle_book, layout_regular_city, gammafunk_ghost_necromancy,
          enter_volcano_2, nicolae_lair_run_with_the_wolves
Orc:1:    layout_diamond_mine, uniq_josephine
Orc:2:    grunt_orc_gardens, layout_caves, grunt_orc_garden, grunt_orc_garden,
          grunt_orc_garden, grunt_orc_garden, minmay_orc_barracks

Skill      XL: |  1  2  3  4  5  6  7  8  9 10 11 12 13 14 |
---------------+-------------------------------------------+-----
Axes           | 3 4 5 6 7 8 9 10 11 15 | 15.5
Armour         | 3 4 6 8 10 | 10.0
Fighting       | 4 5 7 9 10 | 10.0
Shields        | 3 4 |  4.4
Invocations    | 8 12 | 12.0
Necromancy     | 3 |  3.0
Translocations | 7 |  7.0
Hexes          | 6 7 |  7.0
Alchemy        | 6 7 |  7.0
Dodging        | |  1.7
Spellcasting   | |  2.0
Conjurations   | |  3.0

Action                     |  1- 3 |  4- 6 |  7- 9 | 10-12 | 13-15 || total
---------------------------+-------+-------+-------+-------+-------++-------
  Melee: Hand axe          |    57 |   162 |    68 |       |       ||   287
         Touch             |     7 |    30 |    23 |       |       ||    60
         Punch             |     1 |       |     2 |       |       ||     3
         Morningstar       |       |       |   176 |   490 |   709 ||  1375
         Broad axe         |       |       |       |       |   163 ||   163
  Throw: Stone             |    12 |    15 |     2 |       |       ||    29
         Boomerang         |       |       |    10 |     5 |     2 ||    17
   Cast: Kiss of Death     |       |     1 |       |       |       ||     1
         Passage of Golubr |       |       |       |     2 |       ||     2
         Fugue of the Fall |       |       |       |     1 |    23 ||    24
         Manifold Assault  |       |       |       |       |    68 ||    68
 Invoke: Slouch            |       |       |       |     2 |     9 ||    11
  Evoke: Wand              |       |       |       |       |     2 ||     2
    Use: Scroll            |     6 |     2 |     5 |     2 |    10 ||    25
         Potion            |       |       |     2 |       |     4 ||     6
   Stab: Petrified         |       |       |       |     2 |     4 ||     6
         Sleeping          |       |       |       |       |     3 ||     3
         Distracted        |       |       |       |       |     3 ||     3
         Confused          |       |       |       |       |     1 ||     1
 Armour: Scale mail        |    38 |    99 |   202 |    33 |       ||   372
         Acid dragon scale |       |       |       |   284 |   599 ||   883
  Dodge: Dodged            |    33 |    83 |   228 |   599 |   789 ||  1732
  Block: Buckler           |       |       |    82 |   341 |   426 ||   849

Table legend: (Time is in decaauts)
 A = Elapsed time spent in this place.
 B = Non-inter-level travel time spent in this place.
 C = Inter-level travel time spent in this place.
 D = Time resting spent in this place.
 E = Time spent auto-exploring this place.
 F = Levels seen in this place.
 G = Mean time per level.
                   A        B        C        D        E       F      G
               +--------+--------+--------+--------+--------+-----+--------+
         Total |  31026 |  27805 |   3221 |    881 |  20890 |  20 | 1551.3 |
       Dungeon |  16724 |  14478 |   2246 |    114 |  11549 |  12 | 1393.7 |
          Lair |  10337 |   9584 |    753 |    198 |   7193 |   5 | 2067.4 |
  Orcish Mines |   3248 |   3026 |    222 |    349 |   1984 |   2 | 1624.0 |
       Volcano |    715 |    715 |      0 |    220 |    163 |   1 |  715.0 |
               +--------+--------+--------+--------+--------+-----+--------+

Top non-repeatable levels by time:
  Lair:5: 2508 daAuts
  Lair:1: 2413 daAuts
  Lair:2: 2169 daAuts
   Orc:2: 2109 daAuts
     D:9: 1963 daAuts
  Lair:3: 1766 daAuts
    D:12: 1714 daAuts
     D:7: 1664 daAuts
     D:5: 1584 daAuts
     D:4: 1557 daAuts
    D:11: 1546 daAuts
    D:10: 1521 daAuts
  Lair:4: 1480 daAuts
     D:2: 1366 daAuts
   Orc:1: 1139 daAuts
